 Dungeon Crawl Stone Soup version 0.32-a0-616-g9348d4545b (webtiles) character file.

Game seed: 13443037240371271291

8555 hikkokomori the Fighter (level 11, -9/76 (86) HPs)
             Began as a Coglin Gladiator on Mar 5, 2024.
             Was a High Priest of Okawaru.
             Killed from afar by Josephine (15 damage)
             ... with a ghostly fireball
             ... on level 10 of the Dungeon.
             The game lasted 00:26:13 (9948 turns).

hikkokomori the Fighter (Coglin Gladiator)          Turns: 9948, Time: 00:26:14

HP:   -9/76 (86)    AC: 13    Str: 14    XL:     11   Next: 32%
MP:   14/14         EV:  9    Int:  8    God:    Okawaru [*****.]
Gold: 499           SH:  0    Dex: 24    Spells: 7/14 levels left

rFire   . . .        E - +5 scimitar (freeze) {Edeltraud}
rCold   . . .        B - +8 rapier "Pagha" {flame, Dex+4}
rNeg    . . .        I - +1 chain mail of Magic {Will+ SInv}
rPois   .            L - +1 hat {Stlth+}
rElec   .            C - scarf {shadows}
rCorr   .            r - +0 pair of gloves
SInv    +            y - +1 pair of boots {Stlth+}
Will    +....        (amulet unavailable)
Stlth   +++          (ring unavailable)
HPRegen 0.32/turn    (ring unavailable)
MPRegen 0.14/turn    (no gizmo)

%: no passive effects
@: slowed, heavily drained, revving, very slow
A: off-hand wielding, slow wielding, warmup strikes, no jewellery
a: Invent Gizmo, Renounce Religion, Heroism, Finesse, Duel


You were on level 10 of the Dungeon.
You worshipped Okawaru.
Okawaru was extremely pleased with you.
You visited 2 branches of the dungeon, and saw 11 of its levels.

You collected 805 gold pieces.
You spent 306 gold pieces at shops.

Inventory:

Hand Weapons
 B - the +8 rapier "Pagha" (offhand) {flame, Dex+4}
   (You found it on level 6 of the Dungeon)

   Dex+4:     It affects your dexterity (+4).
 E - a +5 scimitar of freezing (weapon) {Edeltraud}
Missiles
 d - 2 throwing nets
 q - 8 poisoned darts
Armour
 a - a +2 robe of willpower
 b - a +0 leather armour
 c - a +0 helmet
 m - a +0 ring mail
 p - a +0 helmet
 r - a +0 pair of gloves (worn)
 v - a +1 ring mail of positive energy
 y - a +1 pair of boots of stealth (worn)
 C - a scarf of shadows (worn)
 I - the +1 chain mail of Magic (worn) {Will+ SInv}
   (You took it off an orc warrior on level 8 of the Dungeon)

   Will+:     It increases your willpower.
   SInv:      It lets you see invisible.
 L - a +1 hat of stealth (worn)
Wands
 s - a wand of polymorph (12)
 w - a wand of flame (22)
 F - a wand of mindburst (5)
 H - a wand of paralysis (9)
 J - a wand of iceblast (6)
Scrolls
 f - a scroll of summoning {unknown}
 h - a scroll of enchant armour
 i - a scroll of poison
 j - a scroll of blinking
 l - 2 scrolls of vulnerability
 o - 5 scrolls of teleportation
 t - a scroll of immolation
 x - a scroll of fear {unknown}
 D - a scroll of brand weapon
 G - a scroll of enchant weapon {unknown}
Potions
 g - 4 potions of haste
 k - 2 potions of curing
 n - 4 potions of attraction
 u - 2 potions of might
 z - a potion of mutation
 A - a potion of berserk rage {unknown}
 K - a potion of degeneration
 M - a potion of cancellation


   Skills:
 + Level 8.0 Fighting
 + Level 6.5(8.1) Short Blades
 + Level 8.0(9.3) Long Blades
 - Level 3.0 Throwing
 - Level 2.0 Armour
 - Level 5.0 Dodging
 - Level 4.0 Stealth
 - Level 2.0 Spellcasting
 - Level 4.0 Translocations
 - Level 4.0 Air Magic
 - Level 2.0 Invocations
 + Level 5.9 Evocations


You had 7 spell levels left.
You knew the following spells:

 Your Spells              Type           Power      Damage    Failure   Level
a - Vhi's Electric Charg  Tloc/Air       14%        N/A       100%        4
b - Swiftness             Air            7%         N/A       98%         3

Your spell library contained the following spells:

 Spells                   Type           Power      Damage    Failure   Level
 Ensorcelled Hibernation  Hex/Ice        0%         N/A       100%        2
 Dazzling Flash           Conj/Hex       0%         N/A       100%        3
 Mephitic Cloud           Conj/Alch/Air  2%         N/A       100%        3
 Passwall                 Erth           0%         N/A       100%        3
 Curse of Agony           Necr           0%         N/A       100%        5
 Silence                  Hex/Air        2%         N/A       100%        5
 Discord                  Hex            0%         N/A       100%        8
 Summon Mana Viper        Hex/Summ       Unusable   N/A       N/A         5

Dungeon Overview and Level Annotations

Branches:
Dungeon (10/15)            Temple (1/1) D:6
   Lair: D:8-11         Orc: D:9-12

Altars:
Ashenzari
Cheibriados
Dithmenos
Elyvilon
Fedhas
Gozag
Hepliaklqana
Kikubaaqudgha
Makhleb
Nemelex Xobeh
Okawaru
Qazlal
Ru
Sif Muna
Trog
Uskayaw
Vehumet
Wu Jian
Xom
Yredelemnul
Zin
The Shining One
Beogh

Shops:
D:1 *   D:2 (   D:4 *   D:5 [

Annotations:
D:5 1 runed translucent door, ezpacito's ghost, novice CoCK
D:10 Josephine


Innate Abilities, Weirdness & Mutations

You can wield a second weapon in your off-hand.
It takes a long time for you to wield or remove held weapons.
Your first few attacks do less damage.
You cannot equip rings or amulets.


Message History

You barely miss the wraith with the +8 rapier "Pagha".
The wraith barely misses you. The wraith hits you.
The wraith drains your vigour!
You feel as though you will be slow longer.
Unknown command.
You completely miss the wraith with the +8 rapier "Pagha".
The wraith is almost destroyed.
You hit the wraith with your +5 scimitar of freezing.
You destroy the wraith!
Okawaru accepts your kill.
Unknown command.
You closely miss the wraith with your +5 scimitar of freezing.
You hit the wraith with the +8 rapier "Pagha".
You burn the wraith.
Josephine gestures at you while chanting.
The ghostly flame explodes!
The ghostly fireball engulfs the wraith.
The wraith completely resists.
The ghostly fireball engulfs you!!
You feel drained.
* * * LOW HITPOINT WARNING * * *
The wraith barely misses you.
Josephine points at you and mumbles some strange words.
The ghostly flame explodes!
The ghostly fireball engulfs the wraith.
The wraith completely resists.
The ghostly fireball engulfs you!
You feel drained.
* * * LOW HITPOINT WARNING * * *
The wraith barely misses you.
Unknown command.
Press: ? - help, v - describe, . - travel, g - get item
Here: Josephine, wielding a +0 dagger and wearing a +0 robe (lightly wounded) Item here: a wyvern corpse.
The floor, spattered with blood.
Unknown command.
Unknown command.
The wraith attacks as it pursues you! The wraith hits you but does no damage.
The wraith misses you.
Josephine points at you and mumbles some strange words.
The ghostly flame explodes!
The ghostly fireball engulfs you!
You feel drained.
You die...

##### .. #...#####....
#......†..(..
#..W###@...##
#...@...##... ...
####...##...........
##...###......###...#
##.....##.............
#.....[.#.............
#..................#..
#............<........
##....................
#.>.....###...#....#..


You could see Josephine and a wraith.

Vanquished Creatures
  A boulder beetle (D:8)
  2 two-headed ogres (D:9)
  The ghost of ezpacito the Charlatan, a novice CoCK of Xom (D:8)
  A deep elf pyromancer (D:9)
  A komodo dragon (D:8)
  A troll (D:9)
  A slime creature (D:9)
  2 wyverns
  3 wraiths
  2 yaks (D:9)
  2 water moccasins
  3 orc warriors
  2 black bears
  An ice beast (D:6)
  2 sky beasts
  5 ogres
  5 centaurs
  2 phantoms (D:6)
  2 kobold brigands
  A bullfrog (D:9)
  6 wights
  10 killer bees (D:9)
  2 howler monkeys (D:9)
  2 bombardier beetles
  7 hounds
  5 orc priests (D:8)
  3 jellies
  Jessica (D:2)
  A sleepcap (D:3)
  9 iguanas
  9 orc wizards
  7 adders
  A shadow imp (D:7)
  3 white imps
  2 ufetubi (D:7)
  2 ribbon worms
  3 dart slugs
  46 orcs
  5 bats
  4 endoplasms
  5 giant cockroaches
  2 goblins (D:2)
  5 hobgoblins
  8 jackals
  17 kobolds
  2 quokkas
  7 ball pythons
  9 frilled lizards
  6 rats
229 creatures vanquished.

Vanquished Creatures (others)
  A human (D:7)
1 creature vanquished.

Grand Total: 230 creatures vanquished

Notes
Turn   | Place    | Note
-------+----------+-------------------------------------------
     0 | D:1      | hikkokomori the Coglin Gladiator began the quest for the
                  | Orb.
     0 | D:1      | Reached XP level 1. HP: 16/16 MP: 1/1
    28 | D:1      | Found Sojig's Assorted Antiques.
   288 | D:1      | Reached XP level 2. HP: 22/22 MP: 2/2
   561 | D:1      | Got the Meditations on Glamourous Translocation
   851 | D:1      | Bought a green potion for 25 gold pieces
   851 | D:1      | Bought a scroll labelled VIVAME YSYM for 28 gold pieces
   851 | D:1      | Bought a scroll labelled LUOKAO DOIK for 28 gold pieces
   941 | D:2      | Reached XP level 3. HP: 28/28 MP: 3/3
   956 | D:2      | Noticed Jessica
   962 | D:2      | Killed Jessica
   963 | D:2      | Reached XP level 4. HP: 34/34 MP: 4/4
   983 | D:2      | Found Otues's Antique Weapon Shop.
  1630 | D:3      | Reached XP level 5. HP: 37/41 MP: 5/5
  1899 | D:3      | HP: 2/41 [sleepcap (16)]
  1905 | D:3      | Reached skill level 1 in Spellcasting
  2375 | D:4      | Reached XP level 6. HP: 48/48 MP: 7/7
  2508 | D:4      | Found Bugagg's Elemental Accessories.
  2585 | D:4      | Learned a level 4 spell: Vhi's Electric Charge
  2621 | D:4      | Found a stormy altar of Qazlal.
  2707 | D:4      | Reached skill level 1 in Short Blades
  3200 | D:4      | Found a shimmering altar of Xom.
  3310 | D:5      | Entered Level 5 of the Dungeon
  3330 | D:4      | Reached skill level 1 in Translocations
  3481 | D:5      | Found Piplerih's Antique Armour Shop.
  3541 | D:5      | Reached XP level 7. HP: 54/54 MP: 8/8
  3773 | D:5      | Found a runed translucent door.
  3775 | D:5      | Noticed ezpacito's ghost (novice CoCK)
  3808 | D:5      | Found a glowing silver altar of Zin.
  3907 | D:5      | Reached skill level 5 in Long Blades
  4178 | D:5      | Bought a pair of embroidered boots for 225 gold pieces
  4245 | D:5      | Found an opulent altar of Gozag.
  4628 | D:5      | Reached XP level 8. HP: 58/61 MP: 9/9
  4860 | D:6      | Reached skill level 5 in Fighting
  4860 | D:6      | Reached skill level 1 in Armour
  4860 | D:6      | Reached skill level 1 in Stealth
  4872 | D:6      | Identified the +8 rapier "Pagha" {flame, Dex+4}
  4943 | D:6      | Found a glowing golden altar of the Shining One.
  5117 | D:6      | Found a staircase to the Ecumenical Temple.
  5200 | Temple   | Entered the Ecumenical Temple
  5382 | Temple   | Became a worshipper of Warmaster Okawaru
  5502 | D:6      | Found a sacrificial altar of Ru.
  5727 | D:6      | Reached XP level 9. HP: 66/69 MP: 12/12
  6205 | D:7      | Found an ancient bone altar of Kikubaaqudgha.
  6735 | D:7      | Reached * piety under Okawaru
  7161 | D:8      | Found a sparkling altar of Nemelex Xobeh.
  7162 | D:8      | Found a radiant altar of Vehumet.
  7169 | D:8      | Noticed a komodo dragon
  7188 | D:8      | Killed a komodo dragon
  7483 | D:8      | Reached skill level 1 in Invocations
  7596 | D:8      | Reached ** piety under Okawaru
  7658 | D:8      | Noticed a boulder beetle
  7673 | D:8      | Killed a boulder beetle
  7674 | D:8      | Reached skill level 1 in Air Magic
  7674 | D:8      | Reached XP level 10. HP: 64/79 MP: 13/13
  7992 | D:8      | Found a runed translucent gate.
  7993 | D:8      | Found a runed translucent gate.
  7993 | D:8      | Found a runed translucent gate.
  8000 | D:8      | Noticed ezpacito's ghost (novice CoCK)
  8268 | D:8      | Identified the +1 chain mail of Magic {Will+ SInv}
  8286 | D:8      | Learned a level 3 spell: Swiftness
  8308 | D:8      | Killed ezpacito's ghost
  8308 | D:8      | Reached *** piety under Okawaru
  8309 | D:8      | Reached skill level 5 in Short Blades
  8309 | D:8      | Reached skill level 5 in Dodging
  8309 | D:8      | Reached skill level 1 in Evocations
  8317 | D:8      | Found a roughly hewn altar of Beogh.
  8666 | D:9      | Noticed a two-headed ogre
  8675 | D:9      | Killed a two-headed ogre
  8675 | D:9      | Noticed a deep elf pyromancer
  8680 | D:9      | Reached **** piety under Okawaru
  8691 | D:9      | Killed a deep elf pyromancer
  9075 | D:9      | Reached XP level 11. HP: 86/86 MP: 14/14
  9086 | D:9      | Reached ***** piety under Okawaru
  9171 | D:9      | Noticed a two-headed ogre
  9178 | D:9      | Killed a two-headed ogre
  9179 | D:9      | Reached skill level 5 in Evocations
  9520 | D:9      | Found a bloodstained altar of Trog.
  9909 | D:10     | Entered Level 10 of the Dungeon
  9931 | D:10     | Noticed Josephine
  9948 | D:10     | Killed from afar by Josephine

Illustrated notes

Levels and vault maps discovered:
D:1:      minmay_arrival_shattered_statue, layout_basic, serial_shops, shop
D:2:      layout_rooms, serial_shops, shop, kennysheep_path_1, uniq_jessica
D:3:      layout_loops_ring, nicolae_twisty_statue_hallways
D:4:      layout_basic, overflow_temple_1_default,
          regret_index_xom_buried_treasure, nicolae_elemental_shop,
          hangedman_decor_riveting
D:5:      layout_loops_corners, mainiacjoe_overflow_tiny_flanked,
          nicolae_overflow_crystal_walls, ebering_ghost_reflecting_pool,
          serial_shops, shop, saegor_snake_ambush
D:6:      layout_basic, kennysheep_mini, nicolae_ru_great_annihilating_truth,
          minmay_temple_entry_mini_moons
D:7:      layout_loops_corners, tgw_kikubaaqudgha, serial_co_window_serial,
          co_window_paths_a, co_window_paths_b, co_window_paths_a,
          co_window_corner_a, co_window_corner_a, co_window_corner_a,
          co_window_paths_a, co_window_cross_3, co_window_corner_ca,
          co_window_corner_ca, co_window_of_opportunity_b, co_window_4corner_a,
          glass_columns_b, glass_columns_b, glass_columns_c, glass_columns_c
D:8:      layout_cave_pods, grunt_temple_overflow_open,
          biasface_ghost_orc_armoury, minmay_lizard_king
D:9:      hangedman_cross_stitches, layout_basic, bloody_trog
D:10:     layout_rooms, nicolae_concentric_dashed_squares_mild,
          corexii_corridor_pit, uniq_josephine
Temple:   nicolae_temple_bog_church

Skill      XL: |  1  2  3  4  5  6  7  8  9 10 11 |
---------------+----------------------------------+-----
Throwing       | 2 3 |  3.0
Dodging        | 3 4 5 |  5.0
Fighting       | 3 4 6 7 8 |  8.0
Long Blades    | 4 5 6 7 8 |  8.0
Spellcasting   | 1 2 |  2.0
Short Blades   | 1 2 3 4 5 6 |  6.5
Translocations | 1 2 4 |  4.0
Armour         | 2 |  2.0
Stealth        | 2 3 4 |  4.0
Invocations    | 2 |  2.0
Air Magic      | 1 3 4 |  4.0
Evocations     | 4 5 |  5.9

Action                     |  1- 3 |  4- 6 |  7- 9 | 10-12 || total
---------------------------+-------+-------+-------+-------++-------
  Melee: Long sword        |    35 |       |       |       ||    35
         Dagger            |    27 |   187 |   111 |       ||   325
         Falchion          |       |   201 |   176 |       ||   377
         Rapier            |       |       |   117 |   109 ||   226
         Scimitar          |       |       |    55 |   110 ||   165
  Throw: Throwing net      |       |     1 |       |     3 ||     4
         Dart              |       |       |     2 |       ||     2
         Javelin           |       |       |       |     1 ||     1
 Invoke: Heroism           |       |       |       |     1 ||     1
  Evoke: Wand              |       |     3 |     1 |     7 ||    11
    Use: Scroll            |     2 |     3 |     5 |     5 ||    15
         Potion            |       |     1 |       |     1 ||     2
   Stab: Sleeping          |       |       |     8 |     2 ||    10
         Paralysed         |       |       |     1 |     1 ||     2
         Invisible         |       |       |     1 |       ||     1
         Distracted        |       |       |       |     1 ||     1
 Armour: Leather armour    |    12 |       |       |       ||    12
         Ring mail         |    10 |   112 |   135 |    29 ||   286
         Chain mail        |       |       |       |    84 ||    84
  Dodge: Dodged            |    16 |   110 |   126 |    88 ||   340

Table legend: (Time is in decaauts)
 A = Elapsed time spent in this place.
 B = Non-inter-level travel time spent in this place.
 C = Inter-level travel time spent in this place.
 D = Time resting spent in this place.
 E = Time spent auto-exploring this place.
 F = Levels seen in this place.
 G = Mean time per level.
                   A        B        C        D        E       F      G
               +--------+--------+--------+--------+--------+-----+--------+
         Total |   9930 |   9299 |    631 |    232 |   7509 |  11 |  902.7 |
       Dungeon |   9907 |   9297 |    610 |    232 |   7509 |  10 |  990.7 |
        Temple |     22 |      2 |     20 |      0 |      0 |   1 |   22.0 |
               +--------+--------+--------+--------+--------+-----+--------+

Top non-repeatable levels by time:
     D:8: 1431 daAuts
     D:5: 1421 daAuts
     D:9: 1324 daAuts
     D:7: 1215 daAuts
     D:4: 1127 daAuts
     D:6: 1000 daAuts
     D:3: 991 daAuts
     D:1: 861 daAuts
     D:2: 493 daAuts
    D:10: 42 daAuts
  Temple: 22 daAuts
